 Dungeon Crawl Stone Soup version 0.19-a0-990-gf36c7f1 (webtiles) character file.

624 Implojin the Grappler (level 7, 0/66 HPs)
             Began as a Troll Fighter on July 14, 2016.
             Slain by Joseph
             ... wielding a +7 quarterstaff of protection
              (2 damage)
             ... on level 8 of the Dungeon.
             The game lasted 00:06:18 (1309 turns).

Implojin the Grappler (Troll Fighter)               Turns: 1309, Time: 00:06:18

Health: 0/66       AC:  5    Str: 30    XL:     7   Next: 22%
Magic:  6/6        EV:  8    Int:  4    God:
Gold:   85         SH:  9    Dex: 11    Spells: 0 memorised, 6 levels left

rFire  . . .     SeeInvis .       - Unarmed
rCold  . . .     Gourm    +     a - +0 robe
rNeg   . . .     Faith    .     b - +0 shield
rPois  .         Spirit   .     (helmet restricted)
rElec  .         Dismiss  .     (no cloak)
rCorr  .         Reflect  .     (gloves unavailable)
SustAt .         Harm     .     (boots unavailable)
MR     .....                    (no amulet)
Stlth  +.........               (no ring)
                                (no ring)

@: mighty, not resistant to hostile enchantments, very unstealthy
A: unfitting armour, claws 3, fast metabolism 3, gourmand, regeneration 2,
shaggy fur 1, tough skin 2
a: no special abilities


You were on level 8 of the Dungeon.
You were not hungry.

You visited 2 branches of the dungeon, and saw 9 of its levels.
You also visited: Sewer and Ossuary.

You collected 85 gold pieces.

Inventory:

Hand Weapons
 n - a +0 flail
Missiles
 m - 4 tomahawks (quivered)
Armour
 a - a +0 robe (worn)
 b - a +0 shield (worn)
Jewellery
 t - an uncursed ring of protection from cold {unknown}
Wands
 j - a wand of slowing (41/48)
 p - a wand of slowing (19/48)
 x - a wand of lightning (8/15)
Scrolls
 e - 3 scrolls of magic mapping {unknown}
 g - 3 scrolls of enchant armour {unknown}
 h - 11 scrolls of identify {unknown}
 r - a scroll of teleportation {unknown}
 s - 2 scrolls of blinking {unknown}
 u - 3 scrolls of remove curse {unknown}
 w - 2 scrolls of enchant weapon {unknown}
Potions
 f - a potion of cancellation {unknown}
 i - a potion of magic {unknown}
 l - 3 potions of lignification {unknown}
 o - 4 potions of curing {unknown}
 v - 3 potions of brilliance {unknown}
 z - 2 potions of flight {unknown}
 A - 2 potions of invisibility {unknown}
Books
 q - a book of Frost

   Spells                             Type                      Level
   a - Freeze                         Ice                          1
   b - Throw Frost                    Conjuration/Ice              2
   c - Ozocubu's Armour               Charms/Ice                   3
   d - Throw Icicle                   Conjuration/Ice              4
   e - Summon Ice Beast               Ice/Summoning                4
Comestibles
 d - 2 bread rations
 k - a meat ration


   Skills:
 - Level 2.4 Fighting
 - Level 2.4 Dodging
 - Level 2.4 Shields
 * Level 8.1 Unarmed Combat


You had 6 spell levels left.
You didn't know any spells.

Dungeon Overview and Level Annotations

Branches:
Dungeon (8/15)             Temple (1/1) D:7
   Lair: D:8-11

Altars:
Cheibriados
Dithmenos
Elyvilon
Fedhas
Gozag
Kikubaaqudgha
Makhleb
Nemelex Xobeh
Pakellas
Ru
Sif Muna
Uskayaw
Vehumet
Xom
Zin

Annotations:
D:8 Joseph


Innate Abilities, Weirdness & Mutations

You are too large for most types of armour.
You have claws for hands.
Your metabolism is lightning-fast.
You like to eat raw meat.
You heal very quickly.
You are covered in fur. (AC +1)
You have very tough skin. (AC +2)


Message History

Your shield prevents you from hitting Joseph.
Joseph is moderately wounded.
You block Joseph's attack.
You closely miss Joseph.
Joseph is moderately wounded.
You scratch Joseph.
Joseph is moderately wounded.
Joseph hits you with a quarterstaff of protection!
* * * LOW HITPOINT WARNING * * *
Unknown command.
You claw Joseph!
Joseph is moderately wounded.
Joseph hits you with a quarterstaff of protection!
* * * LOW HITPOINT WARNING * * *
A wolf comes into view.
Unknown command.
You feel very mighty all of a sudden.
The wolf howls!
You block Joseph's attack.
Unknown command.
Unknown command.
Unknown command.
You barely miss Joseph.
Joseph is moderately wounded.
You block Joseph's attack.
You barely miss Joseph.
Joseph is moderately wounded.
Joseph hits you with a quarterstaff of protection!
* * * LOW HITPOINT WARNING * * *
Unknown command.
You claw Joseph!
Joseph is heavily wounded.
Joseph hits you with a quarterstaff of protection!
* * * LOW HITPOINT WARNING * * *
You scratch Joseph.
Joseph is severely wounded.
You claw Joseph!
Joseph is almost dead.
Joseph hits you with a quarterstaff of protection.
You die... # #.########### #h@@.<....... #############

You could see Joseph and a wolf.

Vanquished Creatures
  A centaur (D:4)
  Blork the orc (D:5)
  A giant frog (D:7)
  A water moccasin zombie (Ossuary)
  2 orc priests (D:5)
  An iguana (D:5)
  2 worker ants
  2 big kobold zombies (Ossuary)
  2 mummies (Ossuary)
  2 worker ant zombies (D:7)
  Robin (D:2)
  A gnoll (D:3)
  3 adders
  A shadow imp (D:7)
  9 adder zombies
  2 adder skeletons
  A giant gecko (D:7)
  4 orcs
  2 giant cockroaches
  5 gnoll zombies (Ossuary)
  7 goblins
  5 hobgoblins
  3 jackals (D:7)
  A giant gecko zombie (D:7)
  A giant newt (D:6)
  10 hobgoblin zombies (Ossuary)
  A jackal zombie (D:7)
  2 kobold zombies (Ossuary)
  6 orc zombies (Ossuary)
  A rat (D:3)
81 creatures vanquished.

Vanquished Creatures (others)
  A hobgoblin zombie (Ossuary)
1 creature vanquished.

Grand Total: 82 creatures vanquished

Notes
Turn   | Place    | Note
-------+----------+-------------------------------------------
     0 | D:1      | Implojin the Troll Fighter began the quest for the Orb.
     0 | D:1      | Reached XP level 1. HP: 22/22 MP: 0/0
    96 | D:2      | Noticed Robin
   135 | D:2      | Killed Robin
   135 | D:2      | Reached skill level 3 in Unarmed Combat
   135 | D:2      | Reached XP level 2. HP: 23/29 MP: 1/1
   276 | D:3      | Reached XP level 3. HP: 34/36 MP: 2/2
   311 | D:4      | Found a glowing drain.
   324 | D:4      | Reached skill level 4 in Unarmed Combat
   338 | Sewer    | Entered a sewer
   340 | Sewer    | Noticed Trees's ghost (amateur GrGl)
   363 | D:4      | Noticed a centaur
   372 | D:4      | Killed a centaur
   372 | D:4      | Reached skill level 5 in Unarmed Combat
   372 | D:4      | Reached XP level 4. HP: 38/44 MP: 3/3
   372 | D:4      | Reached XP level 5. HP: 43/50 MP: 4/4
   389 | D:5      | Entered Level 5 of the Dungeon
   398 | D:5      | Noticed Blork the orc
   409 | D:5      | Killed Blork the orc
   409 | D:5      | Reached skill level 6 in Unarmed Combat
   488 | D:5      | Reached XP level 6. HP: 51/59 MP: 5/5
   748 | D:7      | Found a staircase to the Ecumenical Temple.
   760 | Temple   | Entered the Ecumenical Temple
  1036 | D:7      | Reached skill level 7 in Unarmed Combat
  1047 | D:7      | Found a sand-covered staircase.
  1056 | Ossuary  | Entered an ossuary
  1104 | Ossuary  | Reached XP level 7. HP: 56/66 MP: 6/6
  1220 | Ossuary  | Reached skill level 8 in Unarmed Combat
  1293 | D:8      | Noticed Joseph
  1307 | D:8      | HP: 1/66 [Joseph/quarterstaff of protection (8)]
  1309 | D:8      | Slain by Joseph

Vault maps used:
D:1:      wheals_arrival_linesprint
D:2:      bloody_trog, first_bread, minivault_5, uniq_robin
D:3:      grunt_dithmenos_smoke, uniq_natasha
D:4:      gup_sewer_entry_glass, led_sif_pool, uniq_sigmund
D:5:      uniq_eustachio, uniq_blork_the_orc
D:6:      minmay_overflow_temple_hex, serial_shops, kennysheep_little_box,
          basic_altar, kennysheep_minor_cross, uniq_prince_ribbit1
D:7:      nicolae_ossuary_entry_plus
D:8:      erik_lair_island, uniq_joseph, uniq_psyche
Temple:   regret_index_temple_generic_petals
Sewer:    sewer_co_tree
Ossuary:  ossuary_tomb_2

Skill      XL: |  1  2  3  4  5  6  7 |
---------------+----------------------+-----
Unarmed Combat | 3 5 6 7 8 |  8.1
Fighting       | |  2.4
Dodging        | |  2.4
Shields        | |  2.4

Action                   |  1- 3 |  4- 6 |  7- 9 || total
-------------------------+-------+-------+-------++-------
Melee: Unarmed           |    63 |    98 |    94 ||   255
  Use: Potion            |       |       |     1 ||     1
  Eat: Chunk             |     9 |     1 |     2 ||    12
Armor: Robe              |    14 |    20 |    18 ||    52
Dodge: Dodged            |    13 |    22 |    31 ||    66
Block: Shield            |    24 |    38 |    33 ||    95

Table legend:
 A = Turns spent in this place as a percentage of turns spent in the entire game.
 B = Non-inter-level travel turns spent in this place as a percentage of non-inter-level travel turns spent in the entire game.
 C = Inter-level travel turns spent in this place as a percentage of turns spent in this place.
 D = Turns resting spent in this place as a percentage of non-inter-level travel turns spent in this place.
 E = Turns spent auto-exploring this place as a percentage of non-inter-level travel turns spent in this place.
 F = Non-inter-level travel turns spent in this place divided by the number of levels of this place that you've seen.
                   A       B       C       D       E      F
               +-------+-------+-------+-------+-------+----------------------
         Total | 100.0 | 100.0 |   0.0 |   0.0 |   0.0 | 113.5
       Dungeon |  76.1 |  76.1 |   0.0 |   0.0 |   0.0 | 118.8
        Temple |   8.7 |   8.7 |   0.0 |   0.0 |   0.0 | 109.0
         Sewer |   0.2 |   0.2 |   0.0 |   0.0 |   0.0 |   3.0
       Ossuary |  15.0 |  15.0 |   0.0 |   0.0 |   0.0 | 187.0
               +-------+-------+-------+-------+-------+----------------------

Table legend:
 A = Kills in this place as a percentage of kills in entire the game.
 B = Kills by you in this place as a percentage of kills by you in the entire game.
 C = Kills by friends in this place as a percentage of kills by friends in the entire game.
 D = Other kills in this place as a percentage of other kills in the entire game.
 E = Experience gained in this place as a percentage of experience gained in the entire game.
 F = Experience gained in this place divided by the number of levels of this place that you have seen.
                   A       B       C       D       E      F
               +-------+-------+-------+-------+-------+----------------------
         Total | 100.0 | 100.0 |  -nan | 100.0 | 100.0 |  81.1
       Dungeon |  54.9 |  55.6 |  -nan |   0.0 |  73.3 |  81.8
       Ossuary |  45.1 |  44.4 |  -nan | 100.0 |  26.7 | 238.0
               +-------+-------+-------+-------+-------+----------------------
